 Dungeon Crawl Stone Soup version 0.31-a0-986-g5e6e4ef867 (webtiles) character file.

Game seed: 18366884789252306985

1229 horus123 the Spawn of Chaos (level 8, 0/90 HPs)
             Began as a Demonspawn Gladiator on Nov 19, 2023.
             Was an Initiate of Makhleb.
             Slain by a wight
             ... wielding a +3 halberd of freezing
              (4 damage)
             ... on level 6 of the Dungeon.
             The game lasted 00:09:28 (4504 turns).

horus123 the Spawn of Chaos (Demonspawn Gladiator)  Turns: 4504, Time: 00:09:29

Health: 0/90       AC: 24    Str: 16    XL:     8   Next: 24%
Magic:  13/13      EV:  2    Int: 10    God:    Makhleb [......]
Gold:   172        SH:  0    Dex: 17    Spells: 7/7 levels left

rFire   . . .        B - +0 halberd
rCold   . . .        (shield currently unavailable)
rNeg    . . .        g - melded +0 chain mail
rPois   +            (helmet currently unavailable)
rElec   .            x - melded +1 cloak {rCorr}
rCorr   .            l - melded +0 pair of gloves
SInv    +            (boots currently unavailable)
Will    .....        s - amulet of faith
Stlth   +++          r - ring of see invisible
HPRegen 0.35/turn    (no ring)
MPRegen 0.26/turn

%: faith
@: lethally poisoned (0 -> -4), tree-form, hasted and slowed
A: stationary, stasis, torment immunity, boosted hp, (horns 2), thin skeletal
structure 1, magic regeneration, condensation shield
a: Renounce Religion


You were on level 6 of the Dungeon.
You worshipped Makhleb.
Makhleb was noncommittal.
You were a tree.
You visited 1 branch of the dungeon, and saw 6 of its levels.

You collected 172 gold pieces.

Inventory:

Hand Weapons
 a - a +0 trident
 B - a +0 halberd (weapon)
Missiles
 d - a throwing net (quivered)
 e - a javelin
Armour
 b - a +0 leather armour
 g - a +0 chain mail (melded)
 l - a +0 pair of gloves (melded)
 u - a +0 scale mail of willpower
 x - a +1 cloak of preservation (melded)
Magical Staves
 i - a staff of fire
Jewellery
 q - a ring of fire
 r - a ring of see invisible (left branch)
 s - an amulet of faith (around neck)
Wands
 v - a wand of iceblast (5)
 A - a wand of acid (9)
Scrolls
 c - 3 scrolls of teleportation
 k - a scroll of immolation
 n - a scroll of enchant armour {unknown}
 o - 3 scrolls of identify {unknown}
 t - a scroll of poison {unknown}
 y - a scroll of amnesia {unknown}
 C - a scroll of fear {unknown}
Potions
 f - a potion of curing {unknown}
 h - a potion of resistance {unknown}
 j - a potion of mutation {unknown}
 m - 2 potions of lignification
 p - a potion of haste
 w - a potion of magic {unknown}
 z - 2 potions of heal wounds {unknown}


   Skills:
 - Level 4.0 Fighting
 + Level 5.6 Polearms
 - Level 1.7 Throwing
 - Level 4.0 Armour
 - Level 2.6 Dodging
 - Level 7.6 Invocations


You had 7 spell levels left.
You didn't know any spells.
Your spell library contained the following spells:

 Spells                   Type           Power      Damage    Failure   Level
 Blink                    Tloc           0%         N/A       50%         2
 Lesser Beckoning         Tloc           0%         N/A       50%         2
 Momentum Strike          Conj/Tloc      0%         3d8       50%         2
 Wereblood                Tmut           0%         N/A       50%         2
 Irradiate                Conj/Tmut      0%         3d11      100%        5
 Lee's Rapid Deconstruct  Erth           0%         3d4*      100%        5
 Silence                  Hex/Air        0%         N/A       100%        5
 Bombard                  Conj/Erth      0%         9d1       100%        6


Dungeon Overview and Level Annotations

Branches:
Dungeon (6/15)
 Temple: D:4-7

Altars:
Dithmenos
Makhleb
Nemelex Xobeh
Uskayaw

Shops:
D:3 ?=:   D:5 *

Annotations:
D:6 Jeremiah


Innate Abilities, Weirdness & Mutations

You are a tree.
Your roots penetrate the ground, keeping you stationary.
You cannot be teleported.
You are immune to unholy pain and torment.
Your maximum health is greatly increased.
Your equipment is partially melded.
((You have a pair of horns on your head.))
You have a somewhat thin skeletal structure. (Dex +2, Stealth+)
You regenerate magic rapidly.
A meltable shield of frost defends you. (SH +0)


Message History

The steam dragon attacks as it pursues you!
The steam dragon completely misses you.
The steam dragon claws you but does no damage.
Your surroundings suddenly seem different.
A sleepcap, a water moccasin, a gnoll sergeant, a kobold brigand, a wight and Jeremiah come into view.
The kobold brigand is wielding a +0 dagger and quivering curare-tipped darts.
The wight is wielding a +3 halberd of freezing.
Jeremiah is wielding a +3 trident of draining and wearing an orb of guile.
Found 14 gold pieces and 9 stones.
The water moccasin hisses angrily.
The gnoll sergeant shouts!
The kobold brigand shouts!
Jeremiah shouts!
You hear a shout! x2
Something shouts, "Run away, thou frothy flap-mouthed pot-faker!"
Jeremiah asks, "Am I dreaming?
Is this real?"
Jeremiah hops!
The kobold brigand throws a curare-tipped dart.
The curare-tipped dart hits you.
You are poisoned.
You have difficulty breathing.
You feel yourself slow down.
It was a potion of lignification.
You turn into a tree.
Your +1 cloak of preservation melds into your body.
Your +0 pair of gloves melds into your body.
Your +0 chain mail melds into your body.
Your roots penetrate the ground.
You feel very sick.
The wight hits you from afar with a +3 halberd of freezing!
* * * LOW HITPOINT WARNING * * *
The wight freezes you.
* * * LOW HITPOINT WARNING * * *
A white imp comes into view.
The water moccasin bites you but does no damage.
It was a potion of haste.
You feel yourself speed up.
You feel very sick.
The water moccasin bites you but does no damage.
The wight hits you but does no damage.
The water moccasin bites you but does no damage.
The kobold brigand throws a curare-tipped dart.
The curare-tipped dart hits you.
You have difficulty breathing.
* * * LOW HITPOINT WARNING * * *
You feel as though you will be slow longer.
An orc comes into view. It is wielding a +0 dagger.
The wight hits you from afar with a +3 halberd of freezing.
You die...

... ... ...# .. .
#..#....###.. ..#5#.. #(
.....8..._... #...#.
.#....#....!)... ..... .
....#.8....... #...#...#
........... ..# #f..#b#
.#..8.......
o#...#.S.#....#.........
....bg.♣...bF..........l
...#K..#...#b#.#####.###
#$#z. #.#.b.. #...##
#...#. #....# #...#
..... ... # #...## ...#
.. ########....# ..# ###
###.....♣P.. ## #
#.).....♣.♣.
...###....)....


You could see Jeremiah, a water moccasin, a kobold brigand, a sleepcap, a gnoll
sergeant, a wight, a white imp and an orc.

Vanquished Creatures
  Grinder (D:4)
  The ghost of ShellytheWitch the Sneak, an amateur KoBr (D:3)
  A steam dragon (D:5)
  3 ogres
  A phantom (D:5)
  A hound (D:5)
  Crazy Yiuf (D:3)
  2 iguanas (D:4)
  Terence (D:3)
  2 orc wizards
  Robin (D:2)
  2 adders
  4 gnolls (D:5)
  A white imp (D:5)
  2 ufetubi (D:6)
  3 worms
  7 dart slugs
  14 orcs
  6 ball pythons
  5 endoplasms
  5 giant cockroaches
  17 goblins
  6 hobgoblins
  8 jackals
  2 kobolds
  4 quokkas
  2 bats
  5 frilled lizards
  5 rats
113 creatures vanquished.

Notes
Turn   | Place    | Note
-------+----------+-------------------------------------------
     0 | D:1      | horus123 the Demonspawn Gladiator began the quest for the
                  | Orb.
     0 | D:1      | Reached XP level 1. HP: 16/16 MP: 1/1
   117 | D:1      | Gained mutation: You have a pair of small horns on your
                  | head. [demonic ancestry]
   117 | D:1      | Reached XP level 2. HP: 20/23 MP: 2/2
   224 | D:1      | Gained mutation: You regenerate magic rapidly. [demonic
                  | ancestry]
   224 | D:1      | Reached XP level 3. HP: 29/29 MP: 3/3
   856 | D:2      | Found a faded altar of an unknown god.
  1004 | D:2      | Identified the +6 scale mail of Bursted the Leaf {-Cast
                  | rElec rPois Slay-2}
  1009 | D:2      | Noticed Robin
  1078 | D:2      | Killed Robin
  1079 | D:2      | Gained mutation: A meltable shield of frost defends you.
                  | (SH +0) [demonic ancestry]
  1079 | D:2      | Reached XP level 4. HP: 35/37 MP: 4/4
  1575 | D:3      | Noticed ShellytheWitch's ghost (amateur KoBr)
  1599 | D:3      | Found a runed translucent door.
  1659 | D:3      | Noticed Terence
  1673 | D:3      | Killed Terence
  1737 | D:3      | Found a runed translucent door.
  1738 | D:3      | Noticed Crazy Yiuf
  1780 | D:3      | Found Mifymai's Book Shop.
  1834 | D:3      | Found Ocroroi's Magic Scroll Emporium.
  1841 | D:3      | Found Viuwkuse's Jewellery Shop.
  2020 | D:3      | Gained mutation: You have a pair of horns on your head.
                  | [demonic ancestry]
  2020 | D:3      | Reached XP level 5. HP: 29/42 MP: 5/5
  2354 | D:3      | Killed Crazy Yiuf
  2713 | D:4      | Noticed Grinder
  2719 | D:4      | Paralysed by Grinder for 4 turns
  2730 | D:4      | Killed Grinder
  2731 | D:4      | Reached skill level 5 in Polearms
  2731 | D:4      | Gained mutation: You have a somewhat thin skeletal
                  | structure. (Dex +2, Stealth+) [demonic ancestry]
  2731 | D:4      | Reached XP level 6. HP: 48/48 MP: 6/6
  2789 | D:4      | Found a burning altar of Makhleb.
  2799 | D:4      | Became a worshipper of Makhleb the Destroyer
  2994 | D:4      | Reached XP level 7. HP: 19/54 MP: 7/7
  3582 | D:3      | Killed ShellytheWitch's ghost
  3583 | D:3      | Reached skill level 4 in Invocations
  3675 | D:5      | Identified the "Difuraw"
  3675 | D:5      | Entered Level 5 of the Dungeon
  3675 | D:5      | Found Kiebuali's Assorted Antiques.
  3688 | D:5      | Found a shadowy altar of Dithmenos.
  3732 | D:5      | Reached skill level 5 in Invocations
  3769 | D:5      | Noticed a steam dragon
  3783 | D:5      | Killed a steam dragon
  3784 | D:5      | Reached skill level 6 in Invocations
  3901 | D:5      | Reached skill level 7 in Invocations
  3901 | D:5      | Reached XP level 8. HP: 44/60 MP: 13/13
  4386 | D:5      | Found a sparkling altar of Nemelex Xobeh.
  4485 | D:6      | Found a hide-covered altar of Uskayaw.
  4502 | D:6      | Noticed Jeremiah
  4504 | D:6      | HP: 4/90 [asphyx]
  4504 | D:6      | Slain by a wight

Illustrated notes

Levels and vault maps discovered:
D:1:      onia_arrival_mini_maze, layout_rooms, grunt_decor_cap,
          nicolae_eternal_life, chequers_jeans, hangedman_decor_growths,
          minmay_tromino_i4
D:2:      layout_basic, hellmonk_ecumenical_altar_blasted, st_stairs_3,
          uniq_robin
D:3:      minmay_evil_eye, layout_loops_ring, serial_shops,
          nicolae_book_shop_shelving, shop, nicolae_shop_crystal,
          hellmonk_ghost_happy_afterlife, minmay_misc_feat_hallway,
          uniq_crazy_yiuf_cottage, uniq_terence
D:4:      layout_loops_ring, mainiacjoe_overflow_six_doors_small,
          nicolae_ossuary_entry_false_entrances,
          hangedman_decor_clover_reticule, uniq_grinder
D:5:      layout_cave_pools, overflow_temple_1_default,
          nemelex_spade_bored_becter, serial_shops, nicolae_stop_n_shop_1
D:6:      cheibrodos_fzero, layout_loops_cross,
          nicolae_gozag_cash_rules_everything_around_me,
          eat_drink_and_be_merry_uskayaw, minmay_temple_entry_antechambers,
          serial_demonic, serial_demonic_a, serial_demonic_e, serial_demonic_c,
          serial_demonic_a, serial_demonic_g, uniq_jeremiah

Skill      XL: |  1  2  3  4  5  6  7 |
---------------+----------------------+-----
Fighting       | 3 4 |  4.0
Polearms       | 3 4 5 |  5.6
Armour         | 3 4 |  4.0
Invocations    | 7 |  7.6
Throwing       | |  1.7
Dodging        | |  2.6

Action                     |  1- 3 |  4- 6 |  7- 9 || total
---------------------------+-------+-------+-------++-------
  Melee: Trident           |   123 |   137 |   123 ||   383
         Headbutt          |    12 |    21 |    21 ||    54
         Punch             |     1 |     1 |     2 ||     4
         Halberd           |       |       |    39 ||    39
  Throw: Throwing net      |       |     2 |       ||     2
    Use: Scroll            |       |     1 |     1 ||     2
         Potion            |       |       |     2 ||     2
   Stab: Distracted        |       |     1 |       ||     1
         Held in net/web   |       |     1 |       ||     1
 Armour: Chain mail        |    70 |    77 |   138 ||   285
         Leather armour    |     2 |       |       ||     2
         Skin              |       |       |     6 ||     6
  Dodge: Dodged            |    48 |    37 |    74 ||   159
  Block: Other             |       |    17 |    22 ||    39

Table legend: (Time is in decaauts)
 A = Elapsed time spent in this place.
 B = Non-inter-level travel time spent in this place.
 C = Inter-level travel time spent in this place.
 D = Time resting spent in this place.
 E = Time spent auto-exploring this place.
 F = Levels seen in this place.
 G = Mean time per level.
                   A        B        C        D        E       F      G
               +--------+--------+--------+--------+--------+-----+--------+
         Total |   4551 |   4412 |    139 |    137 |   3266 |   6 |  758.5 |
       Dungeon |   4551 |   4412 |    139 |    137 |   3266 |   6 |  758.5 |
               +--------+--------+--------+--------+--------+-----+--------+

Top non-repeatable levels by time:
     D:3: 1091 daAuts
     D:4: 1066 daAuts
     D:1: 833 daAuts
     D:5: 766 daAuts
     D:2: 717 daAuts
     D:6: 75 daAuts
